AoeStats
← TakitEz

Arena

509637898Analyzed
2v2 RM · 4d ago on Sep 27, 2026· 47m 25s· 4 players
Game mode
Random Map
Map size
Medium (4 player)
Population
200
Speed
Normal
Resources
Standard
Victory
Conquest
Starting age
Dark Age
Ending age
Imperial Age
RankedLock teamsTeams togetherTeam positionsShared explorationLock speedFull tech treeHidden civsTurbo modeCheats
Victory
Defeat
🇹🇷 Turks · Türkiye
1039
+10
🇹🇷 Inca · Türkiye
877
+16
🇩🇪 Khmer · Germany
921
-14
🇩🇪 Persians · Germany
875
-16
TakitEz
10:47 Feudal Age
15:58 Castle Age
13:49 Horse Collar
15:17 Double-Bit Axe
15:28 Fletching
19:07 Crossbowman
20:24 Elite Skirmisher
22:49 Bodkin Arrow
22:55 Padded Archer Armor
24:48 Leather Archer Armor
25:04 Thumb Ring
27:46 Loom
34:47 Scale Mail Armor
43:29 Wheelbarrow
43:16 Bow Saw
43:47 Scale Barding Armor
44:56 Ballistics
Kashyyykistan
11:52 Feudal Age
15:10 Castle Age
13:24 Double-Bit Axe
13:24 Horse Collar
14:30 Loom
16:48 Bow Saw
20:48 Heavy Plow
21:40 Wheelbarrow
23:41 Elite Skirmisher
26:00 Bloodlines
27:46 Fletching
28:02 Scale Barding Armor
27:57 Padded Archer Armor
28:09 Forging
28:18 Husbandry
28:26 Bodkin Arrow
31:58 Imperial Age
29:48 Hand Cart
36:53 Elite Battle Elephant
38:22 Elite Ballista Elephant
39:30 Conscription
40:09 Double Crossbow
40:48 Chain Barding Armor
41:17 Pikeman
42:32 Elite Ballista Elephant
43:06 Halberdier
44:21 Arson
ypized
11:28 Feudal Age
18:00 Castle Age
17:30 Forging
17:23 Horse Collar
17:29 Double-Bit Axe
20:07 Heavy Plow
23:17 Iron Casting
22:43 Scale Mail Armor
31:16 Imperial Age
30:29 Bow Saw
30:10 Gold Mining
30:11 Stone Mining
30:52 Chain Mail Armor
31:36 Ballistics
32:56 Wheelbarrow
34:08 Blast Furnace
33:52 Gold Shaft Mining
35:31 Fabric Shields
37:10 Elite Kamayuk
39:53 Plate Mail Armor
40:38 Hand Cart
Prof_Lapa
11:22 Feudal Age
9:37 Loom
15:28 Castle Age
15:08 Double-Bit Axe
15:04 Horse Collar
24:47 Wheelbarrow
30:42 Imperial Age
33:30 Fletching
34:26 Padded Archer Armor
38:25 Scale Barding Armor
40:26 Chain Barding Armor
41:37 Bloodlines
42:58 Plate Barding Armor
Connection lost

Rejoining the realm…

Still unreachable

The connection could not be restored.

Session expired

The server has moved on; the page needs a fresh start.